Map: New Repugnancy LE

Players

BratOK (Brat_OK)

  • Race: Terran Terran
  • Spawn Location: 1:00

Snute - Winner!

  • Race: Zerg Zerg
  • Spawn Location: 7:00

Event: IEM Season 13: Katowice (2019)

VOD

Have the link to the VOD?

Description

Time

  • Played on: Feb. 25, 2019, 5:34 a.m.
  • Length: 28:57

All games in this series

Show
View Real Time Build Order
Export as new Build Order

BratOK Terran 

Build Orders: Reaper Expand, Mech 

Get SALT Encoding   

  12  0:00  SCV  
  13  0:12  SCV  
  14  0:17  Supply Depot  
  14  0:24  SCV  
  15  0:39  SCV  
  15  0:41  Barracks  
  16  0:44  Refinery  
  16  0:51  SCV  
  17  1:03  SCV  
  18  1:15  SCV  
  19  1:28  Orbital Command, Reaper  
  20  1:39  Command Center  
  20  1:48  Supply Depot  
  20  1:54  SCV  
  20  2:00  Marine  
  22  2:05  Factory  
  22  2:10  SCV  
  22  2:16  Refinery  
  22  2:23  Barracks Reactor  
  22  2:24  SCV  
  23  2:36  SCV  
  24  2:48  SCV  
  25  2:51  Orbital Command  
  25  2:56  Starport  
  24  3:00  SCV  
  27  3:06  Hellion x2  
  27  3:08  Barracks Tech Lab  
  29  3:15  SCV  
  29  3:18  SCV  
  31  3:31  SCV x2  
  33  3:35  Siege Tank  
  33  3:36  Supply Depot, Viking  
  33  3:37  Marine x2  
  40  3:43  SCV  
  40  3:48  SCV  
  42  3:54  Marine  
  42  3:55  Marine, SCV  
  45  4:03  SCV  
  46  4:17  SCV x2  
  46  4:18  Supply Depot  
  46  4:22  Hellion x2  
  46  4:23  Command Center  
  52  4:30  SCV  
  53  4:34  SCV  
  54  4:42  SCV  
  55  4:46  Armory  
  55  4:47  Factory  
  55  4:51  Factory  
  55  4:52  Starport Reactor, Barracks Tech Lab  
  55  4:53  Hellion x2  
  55  4:54  SCV x2  
  55  4:56  Supply Depot  
  61  5:03  Refinery  
  61  5:11  SCV  
  62  5:14  Refinery  
  62  5:18  SCV  
  62  5:20  Hellion x2  
  67  5:22  Supply Depot  
  67  5:23  SCV  
  68  5:30  SCV  
  68  5:35  SCV, Terran Vehicle And Ship Armor Level 1  
  70  5:38  Cyclone  
  70  5:39  Orbital Command  
  70  5:42  SCV  
  74  5:45  Supply Depot  
  74  5:49  Cyclone  
  77  5:55  Supply Depot  
  77  5:58  SCV  
  78  6:07  Hellion x2, Infernal Pre-Igniter  
  78  6:09  Orbital Command  
  75  6:16  SCV x2  
  73  6:23  Engineering Bay, Cyclone x2  
  77  6:30  Hellion x2  
  77  6:32  SCV x2  
  83  6:35  SCV  
  83  6:39  Factory  
  84  6:43  Factory  
  84  6:44  Barracks Reactor, SCV  
  85  6:51  SCV x2  
  85  6:52  Supply Depot  
  87  6:56  SCV  
  87  6:58  Missile Turret  
  87  6:59  Missile Turret  
  88  7:02  Cyclone x2  
  88  7:08  SCV x3  
  96  7:12  Supply Depot  
  96  7:13  Mag-Field Accelerator, Supply Depot  
  97  7:16  Supply Depot  
  97  7:20  SCV x2  
  97  7:21  SCV  
  100  7:37  Cyclone x2  
  103  7:40  Terran Vehicle And Ship Armor Level 2, Factory Tech Lab  
  103  7:42  SCV x2  
  103  7:44  Refinery x2  
  108  7:45  SCV  
  108  7:48  Hellion x2  
  108  7:51  Supply Depot  
  113  7:54  SCV x2  
  113  7:57  SCV, Hellion  
  118  8:06  SCV x2  
  118  8:09  Cyclone x2  
  118  8:12  Cyclone  
  127  8:20  Hellion  
  127  8:21  Hellion x3  
  135  8:27  Command Center  
  135  8:35  Supply Depot x2  
  135  8:38  Supply Depot  
  135  8:39  SCV x2  
  135  8:41  Cyclone x2  
  131  8:59  Cyclone  
  131  9:00  Hellion x3  
  140  9:07  Supply Depot  
  140  9:10  Supply Depot  
  140  9:12  Smart Servos  
  140  9:13  Cyclone x2  
  138  9:28  Hellion  
  138  9:29  Hellion  
  142  9:31  Cyclone  
  133  9:42  Barracks Reactor  
  133  9:45  Factory x2, Cyclone x2  
  139  9:46  Factory  
  139  9:52  Hellion x2  
  145  9:53  Hellion  
  145  10:00  Planetary Fortress  
  145  10:02  Supply Depot  
  145  10:03  Cyclone  
  145  10:05  Terran Vehicle And Ship Armor Level 3  
  148  10:07  Hellion  
  148  10:11  Refinery  
  148  10:12  Refinery  
  148  10:14  Hellion x3  
  156  10:16  Sensor Tower  
  156  10:17  Cyclone  
  156  10:18  Hellion  
  157  10:29  Hellion  
  157  10:32  Factory Tech Lab x2  
  157  10:35  Hellion x2  
  159  10:41  Hellion, Cyclone x2  
  159  10:42  Hellion x2  
  171  10:50  Missile Turret  
  171  10:54  Cyclone x3  
  171  10:55  Missile Turret  
  180  11:06  Fusion Core  
  180  11:08  Starport  
  180  11:10  Starport, Command Center  
  180  11:18  Cyclone x2  
  186  11:25  Missile Turret  
  186  11:26  Cyclone  
  189  11:34  Cyclone x2  
  193  11:50  Starport Reactor, Starport Tech Lab, Cyclone x2  
  193  12:00  Cyclone  
  196  12:01  Liberator x3  
  196  12:06  Cyclone, Command Center  
  197  12:20  Advanced Ballistics  
  198  12:35  Planetary Fortress  
  198  12:38  Command Center  
  198  12:48  Refinery  
  198  12:51  Refinery  
  198  12:55  Viking  
  189  12:58  Missile Turret  
  189  13:05  Thor x3  
  182  13:17  Liberator  
  182  13:19  Thor x2  
  193  13:27  Missile Turret  
  193  13:28  Terran Ship Weapons Level 1  
  193  13:30  Missile Turret  
  193  13:40  Orbital Command  
  196  13:41  Liberator  
  196  13:42  Liberator  
  200  14:20  Neosteel Armor  
  200  14:22  Orbital Command  
  200  14:25  Command Center  
  200  14:35  Liberator x3  
  200  14:44  Factory Tech Lab  
  194  15:01  Thor  
  200  15:18  Command Center  
  200  15:29  Terran Ship Weapons Level 2  
  200  15:39  Liberator x2  
  193  15:48  Armory  
  192  16:25  Liberator x2  
  192  16:26  Cyclone x2  
  192  16:27  Hellion x2  
  188  16:37  Thor x2  
  188  16:38  Hellion x2  
  169  16:47  Thor  
  169  16:53  Viking x2  
  170  17:02  SCV x2  
  170  17:03  Liberator  
  170  17:06  Liberator  
  169  17:20  Thor  
  166  17:27  Hellion  
  151  17:36  Cyclone  
  113  17:47  Hellion  
  115  17:53  Cyclone x2  
  121  18:07  Orbital Command  
  121  18:13  Cyclone x3  
  130  18:21  Hellion x3  
  133  18:32  Cyclone x2  
  137  18:35  Hellion x2  
  137  18:40  Terran Vehicle Weapons Level 1  
  138  18:45  Cyclone  
  138  18:48  Cyclone x2  
  140  18:50  Orbital Command  
  140  18:59  Hellion x3  
  146  19:04  Cyclone x2  
  146  19:08  Terran Ship Weapons Level 3, Hellion x3  
  158  19:17  Cyclone  
  158  19:20  Cyclone x2  
  167  19:30  Hellion x2  
  168  19:33  Liberator  
  168  19:36  Cyclone x2  
  174  19:40  SCV x4  
  174  19:43  Missile Turret  
  178  19:48  Command Center  
  178  19:49  Hellion x4, Cyclone  
  178  19:51  Liberator x3, Hellion x2  
  178  19:52  Cyclone  
  189  20:11  Hellion  
  200  20:23  Missile Turret  
  200  20:28  Liberator x2  
  183  20:46  Cyclone  
  183  20:47  Hellion, Cyclone x2  
  200  20:52  Terran Vehicle Weapons Level 2  
  196  21:15  Cyclone x2  
  197  21:25  Cyclone x2  
  182  21:31  Cyclone  
  163  21:44  Liberator  
  163  21:45  Liberator x4, Command Center  
  163  21:47  Cyclone x2  
  169  21:57  Cyclone x2  
  169  22:00  Refinery  
  175  22:01  Refinery  
  175  22:03  Cyclone  
  175  22:04  Hellion x2  
  197  22:19  Cyclone x2  
  197  22:29  Cyclone  
  200  22:31  Thor  
  200  22:33  Hellion  
  199  22:45  Command Center  
  199  22:46  Liberator  
  199  22:53  Missile Turret x2  
  199  23:06  Missile Turret x2  
  196  23:15  Thor  
  199  23:31  Refinery  
  196  23:41  Terran Vehicle Weapons Level 3  
  196  23:47  Refinery  
  196  24:10  Planetary Fortress  
  196  24:13  Missile Turret  
  191  24:32  Thor  
  191  24:38  Missile Turret  
  197  24:39  Planetary Fortress  
  197  24:40  Missile Turret, Barracks  
  167  25:14  Thor x2  
  167  25:18  Thor x2  
  183  25:34  Thor  
  183  25:35  Hellion x2  
  190  25:56  Refinery  
  190  25:57  Refinery, Thor  
  194  26:17  Thor  
  194  26:27  Thor  
  194  26:28  Hellion  
  194  26:31  Thor  
  189  26:40  Thor  
  194  26:47  Hellion x4  
  194  26:53  Hellion x2  
  157  27:00  Missile Turret x3, Cyclone x2  
  163  27:01  Missile Turret  
  137  27:08  Hellion x3  
  137  27:10  Cyclone  
  137  27:15  Cyclone  
  135  27:17  Hellion  
  129  27:23  Cyclone  
  127  27:32  Cyclone x2  
  107  27:38  Hellion  
  107  27:42  Cyclone  
  108  27:47  Orbital Command, Cyclone  
  111  27:52  Viking x3  
  111  27:55  Cyclone  
  120  28:00  Hellion x3  
  124  28:08  Hellion, Cyclone x2  
  117  28:14  Cyclone  
  117  28:17  Viking  
  110  28:22  Cyclone  
  109  28:27  Viking  
  109  28:30  Hellion  
Show
View Real Time Build Order
Export as new Build Order

Snute Zerg - Winner!

Build Orders: Pool First, Brood Lord Corruptor 

Get SALT Encoding   

  12  0:00  Drone  
  13  0:12  Overlord  
  13  0:17  Drone  
  14  0:30  Drone x2  
  14  0:34  Drone  
  17  0:44  Spawning Pool  
  17  0:47  Drone  
  17  1:08  Hatchery  
  17  1:10  Drone  
  17  1:14  Drone  
  17  1:17  Extractor  
  17  1:19  Drone  
  18  1:31  Queen  
  18  1:32  Zergling x2  
  21  1:39  Overlord  
  21  1:49  Drone  
  22  2:00  Drone  
  23  2:06  Queen  
  25  2:11  Drone  
  26  2:17  Metabolic Boost  
  26  2:20  Queen  
  26  2:21  Drone  
  29  2:24  Drone  
  30  2:32  Extractor  
  30  2:33  Overlord  
  30  2:34  Drone  
  30  2:39  Drone x2  
  33  2:45  Drone x2  
  33  2:46  Drone  
  35  2:53  Drone  
  35  2:56  Drone  
  37  3:10  Hatchery, Zergling x4  
  38  3:14  Drone x3  
  38  3:18  Overlord  
  41  3:20  Drone  
  41  3:25  Drone  
  43  3:27  Drone  
  44  3:37  Queen x2  
  44  3:38  Overlord  
  44  3:41  Zergling x4  
  50  3:44  Overlord  
  50  3:48  Drone  
  51  3:49  Drone  
  52  4:00  Drone  
  52  4:01  Drone x3  
  55  4:07  Drone  
  56  4:12  Queen, Zergling x2  
  56  4:14  Queen  
  56  4:16  Overlord  
  61  4:18  Drone  
  62  4:27  Baneling Nest  
  62  4:28  Extractor  
  62  4:30  Zergling x10  
  65  4:36  Zergling x6  
  68  4:44  Zergling x8  
  72  4:46  Overlord  
  72  4:48  Queen  
  74  4:55  Overlord  
  74  4:56  Overlord  
  70  5:12  Zergling x16  
  78  5:21  Zergling x4  
  79  5:29  Drone x10  
  79  5:33  Lair  
  89  5:36  Drone, Evolution Chamber x2  
  89  5:39  Drone  
  89  5:42  Drone x2  
  91  5:48  Overlord  
  85  6:12  Drone x9  
  85  6:13  Drone x3  
  85  6:17  Zerg Missile Weapons Level 1  
  87  6:18  Zerg Melee Weapons Level 1  
  87  6:23  Roach Warren  
  87  6:25  Overlord  
  85  6:27  Extractor  
  85  6:29  Extractor  
  85  6:30  Overlord  
  83  6:33  Drone x6  
  83  6:34  Drone  
  83  6:36  Hydralisk Den, Extractor  
  83  6:37  Extractor, Infestation Pit, Hatchery  
  83  6:38  Overlord  
  86  6:49  Drone x3  
  88  7:03  Glial Reconstitution  
  88  7:04  Roach x9  
  106  7:13  Drone  
  108  7:15  Drone  
  108  7:18  Roach x3  
  108  7:19  Overlord  
  108  7:20  Extractor, Overlord x2  
  108  7:21  Extractor  
  112  7:25  Ravager x2  
  112  7:26  Ravager  
  112  7:27  Roach x3  
  121  7:34  Overlord x3  
  120  7:39  Roach  
  122  7:46  Infestor x2  
  128  7:51  Roach x6  
  128  7:53  Roach  
  128  7:56  Zergling x8  
  144  8:11  Roach x7  
  154  8:17  Zerg Missile Weapons Level 2  
  154  8:18  Zerg Melee Weapons Level 2  
  152  8:22  Zergling x4  
  152  8:23  Zergling x18  
  163  8:30  Roach  
  165  8:35  Roach  
  165  8:36  Overlord  
  165  8:37  Overlord  
  165  8:38  Ravager  
  168  8:46  Hatchery  
  160  8:52  Roach x3  
  160  8:55  Overlord  
  166  8:57  Ravager  
  166  8:58  Ravager x4  
  166  8:59  Hive  
  166  9:02  Spire  
  170  9:07  Drone x2  
  170  9:08  Drone x3  
  166  9:16  Infestor x2  
  166  9:25  Roach x9  
  171  9:37  Roach x7  
  175  9:48  Ravager x4  
  179  9:54  Drone x4  
  179  9:55  Drone x2  
  180  10:03  Roach x7  
  194  10:11  Overlord  
  194  10:12  Extractor  
  194  10:14  Greater Spire  
  193  10:16  Spore Crawler x2, Extractor  
  193  10:20  Spine Crawler  
  189  10:23  Spine Crawler  
  181  10:33  Zerg Ground Armor Level 1  
  178  10:37  Zerg Missile Weapons Level 3  
  178  10:39  Drone x3  
  178  10:40  Drone x3  
  184  10:43  Corruptor x2  
  184  10:44  Corruptor x2  
  192  10:55  Corruptor x2  
  196  11:25  Brood Lord  
  196  11:26  Brood Lord  
  196  11:41  Brood Lord x2  
  196  11:46  Brood Lord  
  199  11:51  Brood Lord, Spine Crawler  
  200  11:58  Ravager  
  200  11:59  Ravager x7  
  200  12:00  Ravager x4  
  193  12:24  Corruptor x3  
  199  12:30  Zerg Ground Armor Level 2  
  199  12:41  Pneumatized Carapace  
  199  12:42  Overseer  
  197  13:04  Hatchery  
  196  13:06  Brood Lord x2  
  200  13:22  Spine Crawler x2  
  200  13:24  Spine Crawler  
  200  13:25  Spine Crawler  
  196  13:38  Spine Crawler  
  195  13:45  Brood Lord  
  195  13:58  Spore Crawler, Corruptor x2  
  195  13:59  Corruptor  
  195  14:01  Overlord x2  
  181  14:04  Queen x2  
  181  14:05  Queen x2, Overlord  
  181  14:08  Spore Crawler  
  188  14:15  Viper  
  191  14:18  Viper x2  
  191  14:20  Zerg Flyer Armor Level 1  
  197  14:25  Viper  
  200  14:47  Zerg Melee Weapons Level 3  
  200  14:48  Zerg Ground Armor Level 3  
  200  14:50  Spore Crawler  
  200  14:51  Spore Crawler x2  
  200  14:52  Spore Crawler  
  184  15:02  Drone x4  
  184  15:03  Drone x5  
  190  15:09  Hatchery  
  189  15:16  Zergling x2  
  190  15:23  Drone x3  
  190  15:24  Drone x6  
  190  15:26  Drone  
  196  15:55  Spore Crawler  
  195  15:57  Spore Crawler x2  
  195  15:59  Pathogen Glands  
  195  16:02  Drone x3  
  171  16:19  Corruptor x5  
  175  16:30  Queen x2  
  167  16:39  Corruptor  
  152  16:40  Corruptor  
  152  16:43  Roach x16  
  152  16:44  Roach x5  
  152  16:45  Zergling x26  
  152  16:46  Queen x2  
  197  16:51  Brood Lord x4  
  195  16:56  Queen  
  195  17:00  Roach x9  
  196  17:06  Queen  
  196  17:07  Ravager  
  196  17:08  Ravager x6  
  197  17:09  Ravager x2  
  196  17:17  Queen  
  196  17:22  Queen  
  155  17:30  Viper x2  
  155  17:31  Viper x2  
  155  17:32  Drone x2  
  155  17:34  Roach x5  
  155  17:36  Ravager x2  
  163  17:37  Ravager x3  
  164  17:46  Infestor x3  
  170  17:52  Roach  
  170  17:53  Roach x2  
  176  18:03  Hatchery  
  173  18:09  Hatchery  
  172  18:15  Ravager x2  
  172  18:16  Infestor x2, Ravager x3  
  172  18:17  Infestor  
  169  18:41  Drone x6  
  169  18:42  Drone x2  
  169  18:47  Corruptor  
  169  18:48  Corruptor x4  
  183  19:04  Infestor  
  183  19:05  Infestor  
  184  19:30  Brood Lord x4  
  192  19:34  Brood Lord  
  192  19:37  Corruptor  
  196  19:44  Drone  
  196  19:45  Drone x3  
  196  20:02  Drone x4  
  193  20:41  Brood Lord  
  185  20:42  Corruptor  
  185  20:43  Corruptor x5  
  185  20:49  Drone  
  198  20:50  Drone x2  
  200  21:13  Spore Crawler, Corruptor x6  
  200  21:15  Spore Crawler x2  
  197  21:21  Hatchery  
  197  21:24  Hatchery  
  187  21:29  Roach  
  187  21:30  Roach x6  
  174  21:44  Brood Lord x6  
  174  21:45  Drone  
  174  21:46  Drone x8  
  193  21:49  Extractor x2  
  193  21:51  Ravager x3  
  193  21:52  Drone  
  193  21:53  Drone x4  
  199  22:12  Extractor  
  184  22:37  Corruptor x2  
  184  22:38  Corruptor  
  184  22:40  Drone x3  
  184  22:43  Corruptor  
  190  23:05  Neural Parasite  
  190  23:32  Spore Crawler x2, Corruptor x5  
  198  23:34  Spore Crawler  
  196  23:49  Queen x2  
  196  23:53  Spore Crawler  
  196  23:55  Spore Crawler  
  198  24:04  Spore Crawler  
  198  24:05  Spore Crawler  
  196  24:12  Zerg Flyer Weapons Level 1  
  188  24:35  Viper x2  
  194  24:39  Hatchery  
  194  24:40  Brood Lord x2  
  173  25:08  Roach x10  
  191  25:17  Queen x3  
  179  25:26  Infestor  
  179  25:27  Infestor x4  
  184  25:36  Queen x3  
  182  25:47  Roach x7, Spore Crawler x4  
  182  25:49  Spore Crawler x2  
  190  25:52  Queen  
  190  25:53  Queen x2  
  196  26:00  Roach  
  196  26:01  Roach  
  190  26:25  Queen x2  
  186  26:28  Queen x2  
  190  26:32  Corruptor  
  190  26:33  Corruptor x2  
  190  26:37  Drone  
  190  26:38  Drone x7  
  182  26:54  Zergling x8  
  182  26:55  Zergling x10  
  189  27:08  Roach x4  
  188  27:09  Hatchery  
  185  27:29  Roach x3  
  187  27:33  Zergling x2  
  187  27:34  Zergling x20  
  187  27:37  Queen x4  
  187  28:21  Hatchery  
  187  28:22  Roach x5  
  187  28:23  Zergling x14  

Tags
 
Add a new tag
Caveats
  • Supply blocks, unpowered buildings, or Contaminate may cause inaccurate times.
  • Supply counts are checked every 10 seconds.